 Dungeon Crawl Stone Soup version 0.26-a0-1101-g8f9f7f7418 (webtiles) character file.

Game seed: 17334917432846986721

293 night the Stinger (level 6, -2/41 HPs)
             Began as a Demonspawn Venom Mage on Dec 15, 2020.
             Was a Believer of Cheibriados.
             Slain by Edmund
             ... wielding a +4 flail of protection
              (5 damage)
             ... on level 3 of the Dungeon.
             The game lasted 00:11:47 (3986 turns).

night the Stinger (Demonspawn Venom Mage)           Turns: 3986, Time: 00:11:47

Health: -2/41      AC:  3    Str: 12    XL:     6   Next: 11%
Magic:  4/12       EV: 12    Int: 23    God:    Cheibriados [**....]
Gold:   259        SH:  0    Dex: 17    Spells: 2/13 levels left

rFire    . . .     SeeInvis .   a - +1 trident (venom)
rCold    . . .     Faith    .   (no shield)
rNeg     + . .     Spirit   .   x - +0 robe
rPois    .         Reflect  .   (no helmet)
rElec    .         Harm     .   m - +0 cloak
rCorr    +         Rampage  .   (no gloves)
Will     .....                  (no boots)
Stlth    ++........             (no amulet)
HPRegen  0.13/turn              u - ring of resist corrosion
MPRegen  0.13/turn              d - ring of positive energy

@: very slow
A: talons 2, foul stench 1, miasma immunity
a: Bend Time, Renounce Religion


You were on level 3 of the Dungeon.
You worshipped Cheibriados.
Cheibriados was pleased with you.
You visited 1 branch of the dungeon, and saw 4 of its levels.

You collected 259 gold pieces.

Inventory:

Hand Weapons
 a - a +1 trident of venom (weapon)
 b - a +0 hunting sling of flaming
 n - a +0 dagger
Missiles
 q - 180 stones (quivered)
 s - 67 arrows
 w - 36 poisoned darts
Armour
 m - a +0 cloak (worn)
 x - a +0 robe (worn)
Jewellery
 d - a ring of positive energy (right hand)
 h - an uncursed ring of fire
 u - a ring of resist corrosion (left hand)
 z - an uncursed ring of positive energy
Wands
 C - a wand of digging (6)
Scrolls
 f - 2 scrolls of enchant armour {unknown}
 g - 4 scrolls of teleportation {unknown}
 i - a scroll of magic mapping {unknown}
 j - 3 scrolls of identify {unknown}
 l - a scroll of fear {unknown}
 r - a scroll of amnesia {unknown}
 t - 3 scrolls of remove curse {unknown}
 y - a scroll of immolation {unknown}
Potions
 c - 2 potions of lignification {unknown}
 e - 2 potions of flight {unknown}
 k - a potion of curing {unknown}
 o - 2 potions of haste {unknown}
 p - a potion of brilliance {unknown}
 v - 2 potions of berserk rage {unknown}
 A - 2 potions of magic {unknown}
 B - a potion of ambrosia {unknown}
 D - a potion of degeneration {unknown}


   Skills:
 - Level 1.7 Dodging
 - Level 1.7 Stealth
 + Level 4.4 Spellcasting
 - Level 0.8 Transmutations
 + Level 5.2 Poison Magic


You had 2 spell levels left.
You knew the following spells:

 Your Spells              Type           Power        Failure   Level
a - Sting                 Tmut/Pois      ###.         2%          1
c - Ignite Poison         Fire/Tmut/Pois ##......     13%         3
d - Olgreb's Toxic Radia  Pois           ####....     12%         4
e - Mephitic Cloud        Conj/Pois/Air  ##......     14%         3

Your spell library contained the following spells:

 Spells                   Type           Power        Failure   Level
 Poisonous Vapours        Pois/Air       ###...       4%          2


Dungeon Overview and Level Annotations

Branches:
Dungeon (4/15)
 Temple: D:4-7

Altars:
Cheibriados
Wu Jian

Annotations:
D:3 Edmund
D:4 Menkaure


Innate Abilities, Weirdness & Mutations

You have razor-sharp toenails.
You may emit foul miasma when damaged in melee.
You are immune to miasma.


Message History

Edmund says, "A flail is better than a scythe, any day of the week!"
Edmund hits you with a +4 flail of protection.
* * * LOW HITPOINT WARNING * * *
Casting: Sting (safe; 2% risk of failure)
Confirm with . or Enter, or press ? or * to list all spells.
You miscast Ignite Poison.
You are very lightly contaminated with residual magic.
Nothing appears to happen.
Casting: Ignite Poison (dangerous; 13% risk of failure)
Confirm with . or Enter, or press ? or * to list all spells.
You don't have enough magic to cast that spell.
Edmund hits you with a +4 flail of protection!
* * * LOW HITPOINT WARNING * * *
Edmund closely misses you.
Your magical contamination has completely faded away.
Edmund misses you.
Edmund looks more healthy.
Edmund grinds his teeth, and then sighs.
Edmund hits you with a +4 flail of protection.
You die...

..######## #..##
.........# ##..#
######.### #..#
.......# #..#
.#...#.# #..##
..###..#### #...#
#.#.#.....# #...#
..'##.....# #@..#
##...#.##.# #@.>#
.#.#...##.####
#.###
.#.....÷..##.# #.#
.#).....#)##.# #.#
##[÷.#÷.#.##.###.#
..'##...#........#
#.#.#...#..#.#####
..###..##..#.#
.#...#.##....#


You could see Edmund (sick).

Vanquished Creatures
  An ogre (D:4)
  A hound (D:1)
  4 adders (D:2)
  6 gnolls
  An ooze (D:2)
  A worm (D:2)
  4 leopard geckos
  4 orcs
  12 bats
  6 giant cockroaches
  5 goblins
  3 hobgoblins
  10 jackals
  2 quokkas
  A frilled lizard (D:3)
  11 kobolds
  8 rats
80 creatures vanquished.

Notes
Turn   | Place    | Note
-------+----------+-------------------------------------------
     0 | D:1      | night the Demonspawn Venom Mage began the quest for the
                  | Orb.
     0 | D:1      | Reached XP level 1. HP: 13/13 MP: 3/3
   393 | D:1      | Gained mutation: You have sharp toenails. [demonic
                  | ancestry]
   393 | D:1      | Reached XP level 2. HP: 17/19 MP: 3/5
   937 | D:2      | Reached XP level 3. HP: 22/24 MP: 4/7
  1277 | D:2      | Reached skill level 4 in Poison Magic
  1283 | D:1      | Gained mutation: You are immune to miasma. [demonic
                  | ancestry]
  1283 | D:1      | Reached XP level 4. HP: 8/30 MP: 1/9
  1632 | D:2      | Found a snail-covered altar of Cheibriados.
  1641 | D:2      | Became a worshipper of Cheibriados the Contemplative
  1896 | D:2      | Found an ornate altar of the Wu Jian Council.
  2351 | D:2      | Gained mutation: You may emit foul miasma when damaged in
                  | melee. [demonic ancestry]
  2351 | D:2      | Reached XP level 5. HP: 28/35 MP: 6/10
  2682 | D:3      | Reached * piety under Cheibriados
  3177 | D:3      | Learned a level 3 spell: Mephitic Cloud
  3181 | D:3      | Learned a level 3 spell: Ignite Poison
  3186 | D:3      | Learned a level 4 spell: Olgreb's Toxic Radiance
  3386 | D:4      | Noticed an ogre
  3393 | D:4      | Killed an ogre
  3394 | D:4      | Reached skill level 5 in Poison Magic
  3394 | D:4      | Gained mutation: You have razor-sharp toenails. [demonic
                  | ancestry]
  3394 | D:4      | Reached XP level 6. HP: 7/41 MP: 7/12
  3395 | D:4      | Noticed Menkaure
  3397 | D:4      | Reached ** piety under Cheibriados
  3959 | D:4      | Noticed Edmund
  3978 | D:3      | HP: 2/41 [Edmund/+4 flail of protection (8)]
  3986 | D:3      | Slain by Edmund

Illustrated notes

Levels and vault maps discovered:
D:1:      dpeg_arrival_simpleton_b, layout_basic
D:2:      layout_rooms, cheibriados_altar_1, lemuel_coloured_pillars_altar,
          wad_floor_pattern_2
D:3:      layout_basic, minmay_fractal_squares_diagonal_5
D:4:      layout_cave_pools, uniq_robin, uniq_blork_the_orc, uniq_edmund,
          uniq_menkaure

Skill      XL: |  1  2  3  4  5 |
---------------+----------------+-----
Spellcasting   | 3 4 |  4.4
Poison Magic   | 4 5 |  5.2
Dodging        | |  1.7
Stealth        | |  1.7
Transmutations | |  0.8

Action                   |  1- 3 |  4- 6 || total
-------------------------+-------+-------++-------
Melee: Unarmed           |     5 |       ||     5
       Dagger            |     5 |    58 ||    63
       Kick              |     3 |    13 ||    16
       Trident           |       |    15 ||    15
 Fire: Hunting sling     |       |     5 ||     5
 Cast: Sting             |    49 |    60 ||   109
       Olgreb's Toxic Ra |       |     4 ||     4
       Mephitic Cloud    |       |     3 ||     3
 Stab: Sleeping          |       |     1 ||     1
Armor: Robe              |     9 |    28 ||    37
Dodge: Dodged            |    28 |    69 ||    97

Table legend: (Time is in decaauts)
 A = Elapsed time spent in this place.
 B = Non-inter-level travel time spent in this place.
 C = Inter-level travel time spent in this place.
 D = Time resting spent in this place.
 E = Time spent auto-exploring this place.
 F = Levels seen in this place.
 G = Mean time per level.
                   A        B        C        D        E       F      G
               +--------+--------+--------+--------+--------+-----+--------+
         Total |   4257 |   4171 |     86 |   1587 |   1901 |   4 | 1064.2 |
       Dungeon |   4257 |   4171 |     86 |   1587 |   1901 |   4 | 1064.2 |
               +--------+--------+--------+--------+--------+-----+--------+

Top non-repeatable levels by time:
     D:3: 1709 daAuts
     D:2: 1509 daAuts
     D:1: 993 daAuts
     D:4: 44 daAuts
